 Dungeon Crawl Stone Soup version 0.13-b1-9-g87fe349 (webtiles) character file.

569 blunderpuss the Slasher (level 6, 0/51 HPs)
             Began as a Minotaur Gladiator on Sept 29, 2013.
             Was an Initiate of Okawaru.
             Killed by divine providence
             ... invoked by an orc priest
              (16 damage)
             ... on Level 4 of the Dungeon.
             The game lasted 00:08:24 (3704 turns).

blunderpuss the Slasher (Minotaur Gladiator)        Turns: 3704, Time: 00:08:24

HP   0/51        AC  9     Str 19      XL: 6   Next: 67%
MP   2/2         EV 12     Int  6      God: Okawaru [......]
Gold 136         SH  8     Dex 17      Spells:  0 memorised,  5 levels left

Res.Fire  : + . .   See Invis. : .   L - +1 long sword
Res.Cold  : x . .   Warding    : .   G - +0 scale mail
Life Prot.: . . .   Conserve   : .   n - +0 buckler
Res.Poison: .       Res.Corr.  : .   c - +2 cap
Res.Elec. : .       Clarity    : .   (no cloak)
Sust.Abil.: . .     Spirit.Shd : .   (no gloves)
Res.Mut.  : .       Stasis     : .   (no boots)
Res.Rott. : .       Flight     : .   s - amulet of inaccuracy {unknown}
Saprovore : . . .                    (no ring)
                                     F - ring of fire

@: agile, slightly resistant to hostile enchantments, very unstealthy
A: retaliatory headbutt, horns 2
a: Renounce Religion


You were on level 4 of the Dungeon.
You worshipped Okawaru.
Okawaru was noncommittal.
You were not hungry.

You visited 1 branch of the dungeon, and saw 4 of its levels.

You collected 116 gold pieces.

Inventory:

Hand weapons
 a - a +0,+0 falchion
 L - a +1,+1 long sword (weapon)
Missiles
 d - a throwing net (quivered)
 i - a throwing net [falling apart]
 l - 12 poisoned needles
Armour
 b - a +0 leather armour
 c - a +2 cap (worn)
 n - a +0 buckler (worn)
 C - a +0 orcish ring mail
 G - a +0 scale mail (worn)
Magical devices
 h - a wand of fireball (5)
 z - a wand of fire (6)
 D - a wand of slowing (0)
 H - a wand of digging (7) {unknown}
Comestibles
 f - a chunk of goblin flesh
 j - a meat ration
Scrolls
 e - a scroll of random uselessness
 g - 3 scrolls of teleportation
 o - a scroll of curse armour
 v - 2 scrolls of fog
 x - a scroll of amnesia
 B - 3 scrolls of blinking
 I - 2 scrolls of noise
Jewellery
 s - an amulet of inaccuracy (around neck) {unknown}
 F - a ring of fire (left hand)
Potions
 k - a potion of restore abilities
 m - a potion of flight
 p - 2 potions of slowing {unknown}
 q - a potion of cure mutation {unknown}
 r - a potion of might {unknown}
 t - a potion of agility
 u - a potion of magic {unknown}
 w - 2 potions of curing
 E - a potion of poison {unknown}


   Skills:
 - Level 3.2 Fighting
 * Level 7.3 Long Blades
 - Level 2.0 Throwing
 + Level 3.9 Armour
 - Level 4.0 Dodging
 - Level 0.3 Stealth


You had 5 spell levels left.
You didn't know any spells.

Dungeon Overview and Level Annotations

Branches:
Dungeon (4/27)
 Temple: D:4-7

Altars:
Okawaru


Innate Abilities, Weirdness & Mutations

You reflexively headbutt those who attack you in melee.
You have a pair of horns on your head.


Message History

Something smites you!
The orc hits you with an orcish hand axe.
The orc hits you but does no damage.
Drink which item? (? for menu, Esc to quit)
You feel more agile all of a sudden.
The orc priest hits you with an orcish trident.
The orc completely misses you. You block the orc's attack.
Unknown command.
You miss the orc priest. You headbutt the orc priest.
The orc priest is moderately wounded.
The orc barely misses you. You furiously retaliate!
You headbutt the orc.
The orc priest calls down the wrath of Beogh upon you.
Something smites you!
* * * LOW HITPOINT WARNING * * *
The orc barely misses you.
Drink which item? (? for menu, Esc to quit)
You feel better. You block the orc's attack.
The orc priest invokes the aid of Beogh against you.
Something smites you!
You die...

.+........### #.........###.'....
##.>......'.###.[.......#...#....
#........#..##.........#.###....
#........##..............# #....
######'#######.........### #....
#..# #.........# #.... #>##
####.###### ####+ #.# ###..####
###'#### #o@o....# ####......#
#.'..o....+
#..'......##..#.......#
#§##......##. #.......#
.§##......#. #.......#
####......' #.......# #......#
#....... ######## #######


You could see an orc priest and 2 orcs.

Vanquished Creatures
  A centaur skeleton (D:4)
  An iguana (D:4)
  Ijyb (D:3)
  Jessica (D:3)
  Terence (D:3)
  A gnoll (D:2)
  6 adders
  An inept feature mimic (D:4)
  2 worms (D:3)
  4 giant geckos
  3 oozes (D:3)
  7 orcs
  3 ball pythons (D:3)
  8 bats
  3 giant cockroaches
  12 goblins
  13 hobgoblins
  6 jackals (D:1)
  A quokka (D:3)
  5 giant newts
  A hobgoblin skeleton (D:4)
  12 kobolds
  6 rats
  A rat skeleton (D:4)
  2 ballistomycetes (D:4)
102 creatures vanquished.

Vanquished Creatures (others)
  A giant spore (D:4)
1 creature vanquished.

Grand Total: 103 creatures vanquished

Notes
Turn   | Place    | Note
--------------------------------------------------------------
     0 | D:1      | blunderpuss, the Minotaur Gladiator, began the quest for the Orb.
     0 | D:1      | Reached XP level 1. HP: 18/18 MP: 0/0
   436 | D:1      | Reached skill level 4 in Long Blades
   440 | D:1      | Reached XP level 2. HP: 8/25 MP: 0/0
  1137 | D:1      | Reached XP level 3. HP: 22/30 MP: 1/1
  1435 | D:2      | Found an iron altar of Okawaru.
  1494 | D:2      | Became a worshipper of Warmaster Okawaru
  1556 | D:2      | Reached skill level 5 in Long Blades
  1721 | D:2      | Reached XP level 4. HP: 29/38 MP: 1/1
  2162 | D:3      | Reached skill level 1 in Armour
  2437 | D:3      | Noticed Terence
  2450 | D:3      | Killed Terence
  2450 | D:3      | Reached XP level 5. HP: 44/44 MP: 1/1
  2567 | D:3      | Noticed Ijyb
  2576 | D:3      | Killed Ijyb
  2871 | D:3      | Noticed Jessica
  2878 | D:3      | Killed Jessica
  3095 | D:4      | Reached skill level 6 in Long Blades
  3305 | D:4      | Reached skill level 7 in Long Blades
  3305 | D:4      | Reached XP level 6. HP: 30/51 MP: 2/2
  3704 | D:4      | Killed from afar by an orc priest

Action                   |  1- 3 |  4- 6 || total
-------------------------+-------+-------++-------
Melee: Falchion          |   109 |    74 ||   183
       Long sword        |       |    88 ||    88
Throw: Throwing net      |     3 |       ||     3
Evoke: Wand              |       |     2 ||     2
  Use: Potion            |     3 |     2 ||     5
       Scroll            |     4 |    18 ||    22
